 Dungeon Crawl Stone Soup version 0.23-a0-61-g4bf3f6c (webtiles) character file.

2933 Amnesiac the Destroyer (level 9, -3/59 HPs)
             Began as a Mummy Conjurer on Aug 9, 2018.
             Was a Priest of Sif Muna.
             Slain by Erica
             ... wielding a +4 scimitar of flaming
              (14 damage)
             ... on level 10 of the Dungeon.
             The game lasted 00:13:44 (7660 turns).

Amnesiac the Destroyer (Mummy Conjurer)             Turns: 7660, Time: 00:13:45

Health: -3/59      AC:  5    Str: 11    XL:     9   Next: 51%
Magic:  3/22       EV: 13    Int: 17    God:    Sif Muna [***...]
Gold:   382        SH:  0    Dex: 13    Spells: 11/26 levels left

rFire    x . .     SeeInvis .   a - +1 dagger (drain)
rCold    + . .     Gourm    .   (no shield)
rNeg     + + +     Faith    .   i - +0 robe
rPois    ∞         Spirit   .   c - +0 helmet
rElec    .         Reflect  .   b - +0 cloak
rCorr    .         Harm     .   (no gloves)
MR       +....     Rnd*Tele +   j - +0 pair of boots
Stlth    ++........             (no amulet)
HPRegen  0.19/turn              m - ring of stealth
MPRegen  0.18/turn              u - ring of teleportation (curse)

@: confused, divine energy
A: no food or potions, fire vulnerability, cold resistance 1, negative energy
resistance 3, torment resistance, unbreathing
a: Stop Divine Energy, Channel Magic, Renounce Religion


You were on level 10 of the Dungeon.
You worshipped Sif Muna.
Sif Muna was most pleased with you.
You were not hungry.

You visited 2 branches of the dungeon, and saw 10 of its levels.

You collected 382 gold pieces.

Inventory:

Hand Weapons
 a - a +1 dagger of draining (weapon)
 o - a +1 short sword of venom
Missiles
 f - 220 stones (quivered)
 g - 6 javelins of returning
Armour
 b - a +0 cloak (worn)
 c - a +0 helmet (worn)
 i - a +0 robe (worn)
 j - a +0 pair of boots (worn)
 p - a +0 shield
 s - the cursed +0 plate armour of Crawling {Str+3 Dex+5, unknown}
   (You took it off a wight on level 6 of the Dungeon)

   It affects your strength (+3).
   It affects your dexterity (+5).
   It has a curse placed upon it.
Jewellery
 m - a ring of stealth (left hand)
 u - a cursed ring of teleportation (right hand)
Scrolls
 d - 4 scrolls of remove curse {!r}
 e - a scroll of identify {!r}
 h - 2 scrolls of magic mapping {!r}
 k - 6 scrolls of teleportation {!r}
 l - 3 scrolls of enchant weapon {!r}
 n - a scroll of fear {!r}
 q - 3 scrolls of amnesia {!r}
 r - a scroll of fog {!r}
 t - a scroll of immolation {!r, unknown}


   Skills:
 - Level 1.0 Fighting
 - Level 2.8 Dodging
 - Level 1.5 Stealth
 - Level 9.0 Spellcasting
 - Level 9.1 Conjurations
 + Level 3.3 Necromancy


You had 11 spell levels left.
You knew the following spells:

 Your Spells              Type           Power        Failure   Level  Hunger
a - Bolt of Draining      Conj/Necr      ####......   21%         5    N/A
b - Dazzling Spray        Conj/Hex       ###...       4%          3    N/A
c - Magic Dart            Conj           ####         1%          1    N/A
d - Searing Ray           Conj           #####.       1%          2    N/A
e - Iskenderun's Mystic   Conj           #####...     2%          4    N/A

Your spell library contained the following spells:

 Spells                   Type           Power        Failure   Level  Hunger
 Apportation              Tloc           #.....       10%         1    N/A
 Invisibility             Hex            #.......     100%        6    N/A
 Dispel Undead            Necr           ###.....     54%         5    N/A
 Sublimation of Blood     Necr           ###.......   3%          2    N/A
 Tukima's Dance           Hex            #.......     28%         3    N/A
 Corpse Rot               Necr           N/A          3%          2    N/A
 Agony                    Necr           ###.....     54%         5    N/A
 Summon Butterflies       Summ           #.......     10%         1    N/A
 Alistair's Intoxication  Tmut/Pois      #.......     95%         5    N/A
 Excruciating Wounds      Chrm/Necr      ##........   78%         5    N/A
 Fulminant Prism          Conj/Hex       ###.......   14%         4    N/A
 Force Lance              Conj/Tloc      ###.....     14%         4    N/A
 Lesser Beckoning         Tloc           #.........   28%         3    N/A

Dungeon Overview and Level Annotations

Branches:
Dungeon (10/15)            Temple (1/1) D:5
   Lair: D:8-11         Orc: D:9-12

Altars:
Ashenzari
Cheibriados
Dithmenos
Elyvilon
Fedhas
Gozag
Hepliaklqana
Makhleb
Nemelex Xobeh
Okawaru
Qazlal
Ru
Sif Muna
Trog
Uskayaw
Vehumet
Wu Jian
Xom
Yredelemnul
Zin
The Shining One

Annotations:
D:10 Erica


Innate Abilities, Weirdness & Mutations

You do not eat or drink.
Your flesh is vulnerable to fire.
You are immune to poison.
Your flesh is cold resistant. (rC+)
You are immune to negative energy. (rN+++)
You are immune to unholy pain and torment.
You can survive without breathing.


Message History

Okay, then.
Casting: Iskenderun's Mystic Blast (safe; 2% risk of failure)
Confirm with . or Enter, or press ? or * to list all spells.
Aiming: Bolt of Draining (slightly dangerous; 21% risk of failure)
Press: ? - help, Shift-Dir - straight line, f - Erica
Aim: Erica, wielding a scimitar of flaming and wearing a robe (resting)
The bolt of negative energy hits Erica.
Erica is drained!
Erica is moderately wounded.
Erica shouts!
Erica hits you with a scimitar of flaming.
Erica burns you.
Casting: Bolt of Draining (slightly dangerous; 21% risk of failure)
Confirm with . or Enter, or press ? or * to list all spells.
Aiming: Bolt of Draining (slightly dangerous; 21% risk of failure)
Press: ? - help, Shift-Dir - straight line, f/p - Erica
Aim: Erica, wielding a scimitar of flaming and wearing a robe (moderately wounded, lightly drained)
The bolt of negative energy hits Erica.
Erica is drained!
Erica is heavily wounded.
Casting: Bolt of Draining (slightly dangerous; 21% risk of failure)
Confirm with . or Enter, or press ? or * to list all spells.
Aiming: Bolt of Draining (slightly dangerous; 21% risk of failure)
Press: ? - help, Shift-Dir - straight line, f/p - Erica
Aim: Erica, wielding a scimitar of flaming and wearing a robe (heavily wounded, lightly drained)
The bolt of negative energy hits Erica.
Erica is drained!
Erica is almost dead.
Erica hits you with a scimitar of flaming!
Erica burns you.
Casting: Bolt of Draining (slightly dangerous; 21% risk of failure)
Confirm with . or Enter, or press ? or * to list all spells.
Aiming: Bolt of Draining (slightly dangerous; 21% risk of failure)
Press: ? - help, Shift-Dir - straight line, f/p - Erica
Aim: Erica, wielding a scimitar of flaming and wearing a robe (almost dead, lightly drained)
The bolt of negative energy misses Erica.
Erica gestures at you while chanting.
You are confused.
You're too confused to cast spells.
You're too confused to cast spells.
Erica hits you with a scimitar of flaming!
* * * LOW HITPOINT WARNING * * *
Erica burns you.
* * * LOW HITPOINT WARNING * * *
You climb downwards.
There is a stone staircase leading up here.
You hit Erica but do no damage.
Erica is almost dead.
Erica casts a spell at you. The bolt of poison hits you! You resist.
Unknown command.
You're too confused to move!
Erica hits you with a scimitar of flaming.
* * * LOW HITPOINT WARNING * * *
Erica burns you.
* * * LOW HITPOINT WARNING * * *
Unknown command.
You miss Erica.
Erica is almost dead.
Erica hits you with a scimitar of flaming.
* * * LOW HITPOINT WARNING * * *
Erica burns you.
* * * LOW HITPOINT WARNING * * *
Unknown command.
You're too confused to move!
Erica hits you with a scimitar of flaming!
You die...

#†# ... #.# #+#
#.# #.# #.# #.#
#.# #.# #.#
#############.#
#.#
#.............#
#.#
#.################
#.# #.#
#.....@@...... #.#
#.###.#######.####
#.# #............
#.# #####.#######
#.# #........# #)#
#)#.####.# #)#
#.#.# #.# #.#.#
#.#######.#.#


You could see Erica.

Vanquished Creatures
  Grinder (D:6)
  2 hippogriffs (D:10)
  Eustachio (D:5)
  Edmund (D:6)
  2 ice beasts (D:5)
  2 sky beasts
  2 ogres
  A centaur (D:6)
  5 bullfrogs
  A scorpion (D:6)
  5 wights
  A bullfrog zombie (D:6)
  2 hounds
  A bullfrog skeleton (D:7)
  A jelly (D:5)
  2 orc priests (D:6)
  4 orc wizards
  4 iguanas
  Natasha (thrice) (D:2)
  4 worker ants
  A hound zombie (D:5)
  2 hound skeletons
  A howler monkey skeleton (D:7)
  10 adders
  3 gnolls (D:3)
  2 oozes
  An adder zombie (D:5)
  An adder skeleton (D:6)
  8 worms
  3 dart slugs
  9 leopard geckos
  17 orcs
  A ball python (D:3)
  13 bats
  7 giant cockroaches
  11 hobgoblins
  7 jackals
  12 kobolds
  4 quokkas
  12 frilled lizards
  8 goblins
  A quokka skeleton (D:5)
  13 rats
192 creatures vanquished.

Notes
Turn   | Place    | Note
-------+----------+-------------------------------------------
     0 | D:1      | Amnesiac the Mummy Conjurer began the quest for the Orb.
     0 | D:1      | Reached XP level 1. HP: 13/13 MP: 4/4
   174 | D:1      | Reached XP level 2. HP: 19/19 MP: 0/6
   178 | D:1      | Learned a level 2 spell: Searing Ray
   726 | D:3      | Reached skill level 1 in Fighting
   726 | D:3      | Reached XP level 3. HP: 26/26 MP: 1/8
  1129 | D:5      | Entered Level 5 of the Dungeon
  1158 | D:4      | Reached XP level 4. HP: 32/32 MP: 2/9
  1241 | D:5      | Noticed an ice beast
  1257 | D:5      | Killed an ice beast
  1257 | D:5      | Reached XP level 5. HP: 35/37 MP: 1/11
  1334 | D:5      | Learned a level 3 spell: Dazzling Spray
  1339 | D:5      | Learned a level 4 spell: Iskenderun's Mystic Blast
  1565 | D:4      | Found a hazy altar of Hepliaklqana.
  1884 | D:4      | Reached XP level 6. HP: 34/43 MP: 7/13
  1893 | D:4      | Noticed a sky beast
  2165 | D:3      | Killed a sky beast
  2165 | D:3      | Reached skill level 5 in Spellcasting
  2165 | D:3      | Reached skill level 5 in Conjurations
  2477 | D:4      | Found a burning altar of Makhleb.
  2655 | D:5      | Noticed an ice beast
  2665 | D:5      | Killed an ice beast
  2665 | D:5      | Reached XP level 7. HP: 43/48 MP: 4/15
  2747 | D:5      | Found a staircase to the Ecumenical Temple.
  2756 | Temple   | Entered the Ecumenical Temple
  3095 | Temple   | Became a worshipper of Sif Muna the Loreminder
  3962 | D:2      | Noticed Natasha
  3972 | D:2      | Killed Natasha
  4064 | D:2      | Found a radiant altar of Vehumet.
  4468 | D:2      | Reached * piety under Sif Muna
  4848 | D:3      | Found an iron altar of Okawaru.
  5345 | D:2      | Found a radiant altar of Vehumet.
  5352 | D:2      | Noticed Natasha
  5355 | D:2      | Killed Natasha
  5418 | D:2      | Noticed Natasha
  5422 | D:2      | Killed Natasha
  5655 | D:5      | Found a basalt altar of Yredelemnul.
  5702 | D:5      | Found a sparkling altar of Nemelex Xobeh.
  5717 | D:5      | Found a stormy altar of Qazlal.
  5720 | D:5      | Noticed Eustachio
  5741 | D:5      | Reached XP level 8. HP: 40/54 MP: 5/18
  5852 | D:5      | Killed Eustachio
  5933 | D:5      | Reached ** piety under Sif Muna
  6038 | D:5      | Found a shimmering altar of Xom.
  6168 | D:6      | Found a bloodstained altar of Trog.
  6372 | D:6      | Noticed Grinder
  6377 | D:6      | Paralysed by Grinder for 3 turns
  6378 | D:6      | Noticed Edmund
  6496 | D:6      | Killed Grinder
  6505 | D:6      | Killed Edmund
  6553 | D:6      | Reached XP level 9. HP: 54/59 MP: 0/21
  6610 | D:6      | Got a faintly humming plate armour
  6886 | D:7      | Reached *** piety under Sif Muna
  6954 | D:7      | Learned a level 5 spell: Bolt of Draining
  7190 | D:7      | Reached skill level 1 in Necromancy
  7262 | D:7      | You fall through a shaft for 3 floors!
  7262 | D:10     | Entered Level 10 of the Dungeon
  7650 | D:9      | Noticed Erica
  7660 | D:10     | Slain by Erica

Vault maps used:
D:1:      dpeg_arrival_chambers_temple_mockup
D:2:      kennysheep_six_static_rooms, vehumet_crystals, minmay_joined_circles,
          uniq_natasha
D:3:      kennysheep_okawaru_gauntlet, minmay_vboxes
D:4:      kennysheep_little_box, kennysheep_mini_moat, first_ration
D:5:      old_standard_altar, old_standard_altar, yredelemnul_altar_generic,
          grunt_qazlal_clouds, minmay_temple_entry_purple_smoke, uniq_eustachio
D:6:      bloody_trog, uniq_grinder, uniq_edmund
D:7:      uniq_harold
D:9:      hangedman_cross_veins, uniq_erica
D:10:     david_nohive_1, serial_bayou_pond_c, grunt_ashenzari_visionary,
          uniq_nergalle
Temple:   minmay_temple_forest_path

Skill      XL: |  1  2  3  4  5  6  7  8  9 |
---------------+----------------------------+-----
Spellcasting   | 3 4 5 6 8 9 |  9.0
Fighting       | 1 |  1.0
Dodging        | 2 |  2.8
Conjurations   | 4 5 6 8 9 |  9.1
Necromancy     | 3 |  3.3
Stealth        | |  1.5

Action                   |  1- 3 |  4- 6 |  7- 9 || total
-------------------------+-------+-------+-------++-------
Melee: Unarmed           |    27 |       |       ||    27
       Whip              |       |     6 |     1 ||     7
       Dagger            |       |       |   148 ||   148
       Short sword       |       |       |    36 ||    36
 Cast: Magic Dart        |    39 |    15 |   116 ||   170
       Searing Ray       |    12 |    21 |     1 ||    34
       Iskenderun's Myst |       |       |   149 ||   149
       Bolt of Draining  |       |       |     4 ||     4
Invok: Divine Energy     |       |       |     1 ||     1
  Use: Scroll            |       |     1 |     6 ||     7
 Stab: Sleeping          |       |       |     1 ||     1
       Distracted        |       |       |     1 ||     1
Armor: Robe              |     8 |    14 |    86 ||   108
Dodge: Dodged            |    31 |    35 |   234 ||   300

Table legend:
 A = Non-vault XP
 B = Vault XP
 C = Vault XP percentage of total XP
 D = Non-vault monster count
 E = Vault monster count
 F = Vault count percentage of total count
 G = Total turns spent on level
                 A         B        C        D         E       F
            +---------+---------+-------+---------+---------+-------
      Total |    3423 |     768 |  18.3 |     153 |      39 |  20.3
            +---------+---------+-------+---------+---------+-------
        D:1 |      31 |       0 |   0.0 |      18 |       0 |   0.0
        D:2 |     167 |     109 |  39.5 |      36 |      26 |  41.9
        D:3 |     238 |      32 |  11.9 |      25 |      10 |  28.6
        D:4 |     282 |       0 |   0.0 |      10 |       0 |   0.0
        D:5 |     710 |     197 |  21.7 |      20 |       1 |   4.8
        D:6 |     824 |     430 |  34.3 |      19 |       2 |   9.5
        D:7 |     531 |       0 |   0.0 |      19 |       0 |   0.0
       D:10 |     640 |       0 |   0.0 |       6 |       0 |   0.0
            +---------+---------+-------+---------+---------+-------
